 Dungeon Crawl Stone Soup version 0.30-a0-305-g026cb31310 (webtiles) character file.

Game seed: 16615467165499950399

20 rogsnak the Magician (level 3, 0/25 HPs)
             Began as a Djinni Hedge Wizard on Oct 23, 2022.
             Killed from afar by Terence (2 damage)
             ... with a puff of flame
             ... on level 1 of the Dungeon.
             The game lasted 00:02:55 (844 turns).

rogsnak the Magician (Djinni Hedge Wizard)           Turns: 844, Time: 00:02:56

Health: 0/25       AC:  2    Str:  9    XL:     3   Next: 0%
Gold:   88         EV: 12    Int: 17    God:
                   SH:  0    Dex: 12

rFire   + + +      SeeInvis +    i - +0 battleaxe
rCold   x x .      Faith    .    (shield currently unavailable)
rNeg    . . .      Spirit   .    b - +0 robe
rPois   ∞          Reflect  .    c - +0 hat
rElec   .          Harm     .    (no cloak)
rCorr   .          Rampage  .    (no gloves)
Will    .....                    (boots unavailable)
Stlth   ++........               (no amulet)
HPRegen 0.24/turn                e - ring of fire
MPRegen 0.00/turn                o - ring of see invisible

@: flying
A: sickness immunity, fire resistance 2, cold vulnerability 1, float, innate
caster, HP casting, extra vitality 1
a: no special abilities


You were on level 1 of the Dungeon.
You visited 1 branch of the dungeon, and saw 2 of its levels.

You collected 88 gold pieces.

Inventory:

Hand Weapons
 a - a +0 dagger
 i - a +0 battleaxe (weapon)
Missiles
 g - 2 poisoned darts
Armour
 b - a +0 robe (worn)
 c - a +0 hat (worn)
Jewellery
 e - a ring of fire (left hand)
 o - a ring of see invisible (right hand)
Scrolls
 d - 2 scrolls of identify {unknown}
 h - a scroll of summoning {unknown}
 k - a scroll of brand weapon {unknown}
 l - 2 scrolls of magic mapping {unknown}
 n - a scroll of enchant weapon {unknown}
Potions
 f - 3 potions of curing
 j - a potion of lignification {unknown}
 m - a potion of heal wounds {unknown}


   Skills:
 + Level 2.4 Dodging
 + Level 1.7 Stealth
 + Level 3.0 Spellcasting


You couldn't memorise any spells.
You knew the following spells:

 Your Spells              Type           Power      Damage    Failure   Level
a - Magic Dart            Conj           48%        1d5       4%          1
b - Slow                  Hex            48%        N/A       4%          1
c - Blink                 Tloc           24%        N/A       8%          2
d - Call Imp              Summ           12%        N/A       8%          2
e - Cigotuvi's Dreadful   Necr/Pois/Air  24%        N/A       8%          2
f - Mephitic Cloud        Conj/Pois/Air  12%        N/A       16%         3
g - Foxfire               Conj/Fire      76%        2x1d7     4%          1
Your spell library was empty.

Dungeon Overview and Level Annotations

Branches:
Dungeon (2/15)

Altars:

Annotations:
D:1 Terence


Innate Abilities, Weirdness & Mutations

You are immune to sickness and miasma.
You are immune to poison.
Your flesh is very heat resistant. (rF++)
You are vulnerable to cold. (rC-)
You float through the air rather than walking.
You learn spells naturally, not from books.
Your magical power is your life essence.
You have superior vitality. (+4 MHP)


Message History

* * * LOW HITPOINT WARNING * * *
Casting: Call Imp (safe; 8% risk of failure)
Confirm with . or Enter, or press ? or * to list all spells.
You don't have enough health to cast this spell.
Unknown command.
There is a stone staircase leading up here.
Terence completely misses you.
You fly upwards.
There is a stone staircase leading down here.
Terence zaps a wand.
The puff of flame hits you. You resist.
* * * LOW HITPOINT WARNING * * *
You aren't carrying any items that you can evoke.
You don't have enough health to cast this spell.
Throw: 5 darts (poison)
Press: ? - help, Shift-Dir - straight line, f - Terence
Aim: Terence, wielding a +0 morningstar, wearing a +1 scale mail of positive energy and carrying a wand of flame (22) (severely wounded, 60% to hit)
You throw a poisoned dart.
The poisoned dart completely misses Terence.
Unknown command.
Terence zaps a wand.
The puff of flame misses you.
There are no items here.
Unknown command.
Unknown command.
There are no items here.
Unknown command.
Throw: 4 darts (poison)
Press: ? - help, Shift-Dir - straight line, f/p - Terence
Aim: Terence, wielding a +0 morningstar, wearing a +1 scale mail of positive energy and carrying a wand of flame (21) (severely wounded, 60% to hit)
You throw a poisoned dart. The poisoned dart hits Terence.
Terence is severely wounded.
Your magical contamination has completely faded away.
Terence attacks as you move away! Terence closely misses you.
Terence shouts, "Now you die!"
Throw: 3 darts (poison)
Press: ? - help, Shift-Dir - straight line, f/p - Terence
Aim: Terence, wielding a +0 morningstar, wearing a +1 scale mail of positive energy and carrying a wand of flame (21) (severely wounded, 60% to hit)
You throw a poisoned dart. The poisoned dart hits Terence.
Terence is poisoned.
Terence is severely wounded.
Terence zaps a wand.
The puff of flame hits you. You resist.
You die...

#.# #.# ###### #.# #.(..#
#.# #....####.##############
#####...>...................
#...#.........#.############
#...###...@..##...# #
#........#.@...##.# ##
#........###....#.#########.
##................#......##.
#.......#######..#......##.
#.......# ##.'.......'.
#####.### #.#......##. #.#
#.#......##.
####.##########.#########.
#....#..........# #.


You could see Terence (poisoned).

Vanquished Creatures
  A dart slug (D:1)
  A ball python (D:1)
  2 bats (D:1)
  An endoplasm (D:1)
  A giant cockroach (D:1)
  2 goblins (D:1)
  2 jackals (D:1)
  A quokka (D:1)
  A frilled lizard (D:1)
  2 kobolds (D:1)
  2 rats (D:1)
16 creatures vanquished.

Vanquished Creatures (others)
  13 foxfires (D:2)
13 creatures vanquished.

Grand Total: 29 creatures vanquished

Notes
Turn   | Place    | Note
-------+----------+-------------------------------------------
     0 | D:1      | rogsnak the Djinni Hedge Wizard began the quest for the
                  | Orb.
     0 | D:1      | rogsnak set off with the following spells memorised: Magic
                  | Dart, Slow, Blink, Call Imp, Cigotuvi's Dreadful Rot,
                  | Mephitic Cloud.
     0 | D:1      | Reached XP level 1. HP: 15/15 MP: 0/0
   144 | D:1      | Reached XP level 2. HP: 17/21 MP: 0/0
   552 | D:1      | Reached skill level 3 in Spellcasting
   552 | D:1      | Reached XP level 3. HP: 22/25 MP: 0/0
   552 | D:1      | Learned a level 1 spell: Foxfire
   822 | D:2      | Noticed Terence
   835 | D:2      | HP: 1/25 [Terence/puff of flame (1)]
   844 | D:1      | Killed from afar by Terence

Illustrated notes

Levels and vault maps discovered:
D:1:      minmay_arrival_arboretum_large, layout_basic
D:2:      layout_rooms, uniq_robin, uniq_terence

Skill      XL: |  1  2 |
---------------+-------+-----
Spellcasting   | 3 |  3.0
Dodging        | |  2.4
Stealth        | |  1.7

Action                   || total
-------------------------++-------
Melee: Dagger            ||    11
       Battleaxe         ||     2
Throw: Dart              ||     3
 Cast: Magic Dart        ||    39
       Foxfire           ||     8
Armor: Robe              ||     3
Dodge: Dodged            ||    16

Table legend: (Time is in decaauts)
 A = Elapsed time spent in this place.
 B = Non-inter-level travel time spent in this place.
 C = Inter-level travel time spent in this place.
 D = Time resting spent in this place.
 E = Time spent auto-exploring this place.
 F = Levels seen in this place.
 G = Mean time per level.
                   A        B        C        D        E       F      G
               +--------+--------+--------+--------+--------+-----+--------+
         Total |    844 |    836 |      8 |      0 |    683 |   2 |  422.0 |
       Dungeon |    844 |    836 |      8 |      0 |    683 |   2 |  422.0 |
               +--------+--------+--------+--------+--------+-----+--------+

Top non-repeatable levels by time:
     D:1: 825 daAuts
     D:2: 19 daAuts
